 Dungeon Crawl Stone Soup version 0.29.1-1-gd02db6906a (console) character file.

Game seed: 12454685156124392038

133 om the Covered (level 4, 0/40 HPs)
             Began as a Minotaur Fighter on Oct 18, 2022.
             Killed from afar by Robin (13 damage)
             ... with a bolt of light
             ... on level 3 of the Dungeon.
             The game lasted 00:03:56 (1952 turns).

om the Covered (Minotaur Fighter)                   Turns: 1952, Time: 00:03:57

Health: 0/40       AC:  8    Str: 23    XL:     4   Next: 93%
Magic:  3/3        EV: 10    Int:  5    God:
Gold:   223        SH:  4    Dex:  9    Spells: 3/3 levels left

rFire   . . .      SeeInvis .   a - +0 war axe (venom)
rCold   . . .      Faith    .   c - +0 buckler
rNeg    . . .      Spirit   .   b - +0 scale mail
rPois   .          Reflect  .   (helmet restricted)
rElec   .          Harm     .   (no cloak)
rCorr   .          Rampage  .   n - +0 pair of gloves
Will    .....                   (no boots)
Stlth   ..........              (no amulet)
HPRegen 0.13/turn               (no ring)
MPRegen 0.08/turn               (no ring)

@: mighty
A: horns 2, retaliatory headbutt
a: no special abilities


You were on level 3 of the Dungeon.
You visited 1 branch of the dungeon, and saw 3 of its levels.

You collected 223 gold pieces.

Inventory:

Hand Weapons
 a - a +0 war axe of venom (weapon)
Armour
 b - a +0 scale mail (worn)
 c - a +0 buckler (worn)
 n - a +0 pair of gloves (worn)
Jewellery
 k - an amulet of the acrobat
Wands
 i - a wand of mindburst (11)
Scrolls
 l - a scroll of teleportation {unknown}
Potions
 d - a potion of might
 e - 2 potions of curing
 f - a potion of degeneration {unknown}
 g - a potion of resistance {unknown}
 h - 2 potions of heal wounds {unknown}
 m - a potion of flight {unknown}


   Skills:
 - Level 4.0 Fighting
 + Level 3.7 Axes
 + Level 4.6 Armour
 * Level 2.8 Dodging
 - Level 4.0 Shields


You had 3 spell levels left.
You didn't know any spells.
Your spell library was empty.

Dungeon Overview and Level Annotations

Branches:
Dungeon (3/15)

Altars:
Kikubaaqudgha

Shops:
D:2 =

Annotations:
D:3 Robin


Innate Abilities, Weirdness & Mutations

You have a pair of horns on your head.
You reflexively headbutt those who attack you in melee.


Message History

You slice the goblin!!
You kill the goblin!
You slash the goblin!
You kill the goblin!
You barely miss the goblin. The goblin hits you but does no damage.
You barely miss the goblin. You slash the goblin!
You kill the goblin!
Robin throws the goblin at you! The goblin closely misses you.
The goblin hits you but does no damage.
You closely miss the goblin. You headbutt the goblin.
You kill the goblin!
You closely miss the goblin.
The goblin no longer looks unusually strong.
The goblin hits you but does no damage. The goblin closely misses you.
Robin roars a battlecry!
The goblin goes into a battle-frenzy!
The goblin completely misses you.
You closely miss the goblin. You slash the goblin!
You kill the goblin!
The hobgoblin no longer looks unusually strong.
Robin says, "Duck!"
The goblin hits you with a +0 club.
You closely miss the goblin. The goblin hits you but does no damage.
You closely miss the goblin.
Robin says, "Feeling lonely?"
The goblin hits you with a +0 club. The goblin barely misses you.
You closely miss the goblin. Your headbutt misses the goblin.
You block the goblin's attack.
You slash the goblin!
You kill the goblin!
Robin roars a battlecry!
The hobgoblin goes into a battle-frenzy!
You slash the hobgoblin!
You kill the hobgoblin!
The hobgoblin no longer looks unusually strong.
Robin zaps a wand.
The bolt of light hits you!!
Ouch! That really hurt!
Robin zaps a wand.
The bolt of light misses you.
Robin zaps a wand.
The bolt of light hits you!
You die...

...##..###.##.# #
######......##.###
##.######.##. ##+##
#.#.# ##...#####..##
##.....##.....# #.
##.......#.####.
##..g####).........##...
....gg.@')..............
##...####..........##...
#. ##.......#.##.#.
##.....##.....[
##...######.## ##+## #.#
#.# #.#


You could see Robin and 2 hobgoblins.

Vanquished Creatures
  6 adders (D:2)
  A worm (D:3)
  2 dart slugs (D:2)
  3 ball pythons
  3 bats (D:2)
  5 endoplasms (D:2)
  5 giant cockroaches
  13 goblins
  7 hobgoblins
  2 jackals (D:2)
  4 quokkas
  5 frilled lizards (D:2)
  6 kobolds
  3 rats
65 creatures vanquished.

Notes
Turn   | Place    | Note
-------+----------+-------------------------------------------
     0 | D:1      | om the Minotaur Fighter began the quest for the Orb.
     0 | D:1      | Reached XP level 1. HP: 19/19 MP: 0/0
   202 | D:1      | Found a faded altar of an unknown god.
   356 | D:1      | Reached XP level 2. HP: 27/27 MP: 1/1
   574 | D:2      | Found Goes's Jewellery Boutique.
   635 | D:2      | Reached XP level 3. HP: 19/33 MP: 2/2
   947 | D:2      | Found an ancient bone altar of Kikubaaqudgha.
   963 | D:2      | Reached skill level 1 in Dodging
  1217 | D:2      | Reached XP level 4. HP: 36/40 MP: 3/3
  1933 | D:3      | Noticed Robin
  1952 | D:3      | Killed from afar by Robin

Illustrated notes

Levels and vault maps discovered:
D:1:      dpeg_arrival_rooms_a, layout_rooms,
          hellmonk_ecumenical_altar_crossroads
D:2:      minmay_thinvault, layout_basic, basic_altar, serial_shops, shop
D:3:      layout_loops_corners, uniq_robin, uniq_crazy_yiuf_cottage

Skill      XL: |  1  2  3 |
---------------+----------+-----
Fighting       | 4 |  4.0
Armour         | 4 |  4.6
Shields        | 4 |  4.0
Axes           | 3 |  3.7
Dodging        | 2 |  2.8

Action                   |  1- 3 |  4- 6 || total
-------------------------+-------+-------++-------
Melee: War axe           |    80 |    40 ||   120
       Headbutt          |     8 |     7 ||    15
  Use: Scroll            |       |     2 ||     2
       Potion            |       |     1 ||     1
Armor: Scale mail        |    38 |    28 ||    66
Dodge: Dodged            |    46 |    22 ||    68
Block: Buckler           |    16 |     6 ||    22
